 Dungeon Crawl Stone Soup version 0.28-a0-247-gb8bfbab023 (webtiles) character file.

Game seed: 8506325331648851976

54 Gobbopathe the Skirmisher (level 3, -3/30 HPs)
             Began as a Demonspawn Chaos Knight on Aug 25, 2021.
             Was a Plaything of Xom.
             Killed from afar by a steam dragon (13 damage)
             ... with a ball of steam
             ... on level 2 of the Dungeon.
             The game lasted 00:03:14 (968 turns).

Gobbopathe the Skirmisher (Demonspawn Chaos Knight)  Turns: 968, Time: 00:03:14

Health: -3/30      AC:  8    Str: 13    XL:     3   Next: 66%
Magic:  3/3        EV: 11    Int: 13    God:    Xom [......]
Gold:   68         SH:  0    Dex: 12    Spells: 2/2 levels left

rFire   . . .      SeeInvis .   a - +0 hand axe (chaos)
rCold   . . .      Faith    .   (no shield)
rNeg    . . .      Spirit   .   b - +2 leather armour
rPois   .          Reflect  .   e - +0 helmet
rElec   .          Harm     .   (no cloak)
rCorr   .          Rampage  .   (no gloves)
Will    .....                   (no boots)
Stlth   +.........              (no amulet)
HPRegen 0.10/turn               (no ring)
MPRegen 0.08/turn               (no ring)

@: no status effects
A: molten scales 1
a: Renounce Religion


You were on level 2 of the Dungeon.
You worshipped Xom.
You were a very special plaything of Xom.
You visited 1 branch of the dungeon, and saw 2 of its levels.

You collected 68 gold pieces.

Inventory:

Hand Weapons
 a - a +0 hand axe of chaos (weapon)
Armour
 b - a +2 leather armour (worn)
 e - a +0 helmet (worn)
Scrolls
 c - a scroll of immolation {unknown}
 d - 3 scrolls of identify {unknown}
 f - 2 scrolls of teleportation {unknown}
 h - a scroll of enchant weapon {unknown}
Potions
 g - 3 potions of curing {unknown}
 i - a potion of might {unknown}
 j - a potion of attraction {unknown}


   Skills:
 * Level 3.8 Fighting
 + Level 3.0 Axes
 + Level 2.2 Armour
 + Level 1.5 Dodging


You had 2 spell levels left.
You didn't know any spells.
Your spell library contained the following spells:

 Spells                   Type           Power      Damage    Failure   Level
 Summon Small Mammal      Summ           0%         N/A       36%         1
 Call Canine Familiar     Summ           0%         N/A       75%         3
 Summon Guardian Golem    Hex/Summ       0%         N/A       75%         3


Dungeon Overview and Level Annotations

Branches:
Dungeon (2/15)

Altars:

Annotations:
D:2 Sigmund


Innate Abilities, Weirdness & Mutations

You are partially covered in molten scales. (AC +2)


Message History

You hit the steam dragon.
The steam dragon is lightly wounded.
The steam dragon bites you but does no damage.
The steam dragon closely misses you. x2
The steam dragon claws you but does no damage.
You barely miss the steam dragon.
The steam dragon is lightly wounded.
The steam dragon breathes steam at you. The ball of steam hits you!
Unknown command.
The steam dragon barely misses you.
The steam dragon claws you but does no damage.
You hit the steam dragon. You freeze the steam dragon.
The steam dragon is lightly wounded.
The steam dragon closely misses you. The steam dragon barely misses you.
You hit the steam dragon but do no damage.
The steam dragon suddenly seems more agile.
Xom is highly amused!
The steam dragon is lightly wounded.
The steam dragon bites you! The steam dragon closely misses you.
You closely miss the steam dragon.
The steam dragon is lightly wounded.
The steam dragon closely misses you. x2
You hit the steam dragon. You freeze the steam dragon.
The steam dragon is moderately wounded.
The steam dragon bites you.
The steam dragon claws you but does no damage.
You hit the steam dragon. You freeze the steam dragon.
The steam dragon is heavily wounded. "Hum-dee-hum-dee-hum..."
The steam dragon seems to slow down.
You are now a very special plaything of Xom.
The steam dragon barely misses you.
The steam dragon claws you but does no damage.
You closely miss the steam dragon.
The steam dragon is heavily wounded.
The steam dragon breathes steam at you. The ball of steam hits you!
You die...
Xom laughs nastily!

... ..# ... #.# ...
#.# #.#.#######.#.#
#.#.........#.#
#.###########.#
##'## #.. ..#
##...## #.# ###
##.@...## #.####
##.D.....###.##.##
#.........##.#...##
+.........'....<..#
#.........##.....##
..
##.......#####..##
#. ##.....## #.##
#. ##...## #.# #.
##+#### #.#


You could see a steam dragon (agile, slow, catching breath).

Vanquished Creatures
  2 adders (D:2)
  A gnoll (D:1)
  2 dart slugs
  A bat (D:1)
  An endoplasm (D:2)
  A giant cockroach (D:2)
  2 hobgoblins (D:2)
  2 jackals (D:2)
  2 quokkas
  2 ball pythons
  2 kobolds
  6 rats
24 creatures vanquished.

Vanquished Creatures (others)
  A fungus (D:1)
1 creature vanquished.

Grand Total: 25 creatures vanquished

Notes
Turn   | Place    | Note
-------+----------+-------------------------------------------
     0 | D:1      | Gobbopathe the Demonspawn Chaos Knight began the quest for
                  | the Orb.
     0 | D:1      | Reached XP level 1. HP: 18/18 MP: 1/1
    95 | D:1      | Reached skill level 1 in Dodging
   365 | D:1      | Gained mutation: You are partially covered in molten
                  | scales. (AC +2) [demonic ancestry]
   365 | D:1      | Reached XP level 2. HP: 22/24 MP: 2/2
   383 | D:1      | XOM: silly message
   426 | D:1      | XOM: silly message
   719 | D:2      | XOM: 9-stop teleportation journey
   734 | D:2      | Found a faded altar of an unknown god.
   795 | D:2      | Reached XP level 3. HP: 29/29 MP: 3/3
   800 | D:2      | XOM: 4-stop teleportation journey
   885 | D:2      | Noticed Sigmund
   959 | D:2      | Noticed a steam dragon
   959 | D:2      | a bat changed into a steam dragon
   967 | D:2      | XOM: enchant monster (good)
   968 | D:2      | Killed from afar by a steam dragon

Illustrated notes

Levels and vault maps discovered:
D:1:      dpeg_arrival_prison, layout_rooms, grunt_decor_one_mirror
D:2:      layout_loops_corners, ebering_ecumenical_altar_ruins, uniq_sigmund

Skill      XL: |  1  2 |
---------------+-------+-----
Dodging        | 1 |  1.5
Armour         | 2 |  2.2
Axes           | 3 |  3.0
Fighting       | |  3.8

Action                   || total
-------------------------++-------
Melee: Hand axe          ||    80
 Stab: Sleeping          ||     1
Armor: Leather armour    ||    38
Dodge: Dodged            ||    43

Table legend: (Time is in decaauts)
 A = Elapsed time spent in this place.
 B = Non-inter-level travel time spent in this place.
 C = Inter-level travel time spent in this place.
 D = Time resting spent in this place.
 E = Time spent auto-exploring this place.
 F = Levels seen in this place.
 G = Mean time per level.
                   A        B        C        D        E       F      G
               +--------+--------+--------+--------+--------+-----+--------+
         Total |    981 |    926 |     55 |      0 |    666 |   2 |  490.5 |
       Dungeon |    981 |    926 |     55 |      0 |    666 |   2 |  490.5 |
               +--------+--------+--------+--------+--------+-----+--------+

Top non-repeatable levels by time:
     D:1: 572 daAuts
     D:2: 408 daAuts
